 Dungeon Crawl Stone Soup version 0.25-a0-668-gea548f19b6 (webtiles) character file.

Game seed: 13001372615173727371, levelgen mode: deterministic

222744 CryoSword the Markscentaur (level 18, -1/163 HPs)
             Began as a Centaur Hunter on Mar 28, 2020.
             Was the Champion of Dithmenos.
             Killed by the raging water
             ... invoked by a water nymph
              (23 damage)
             ... on level 4 of the Shoals.
             The game lasted 03:16:43 (61337 turns).

CryoSword the Markscentaur (Centaur Hunter)        Turns: 61337, Time: 03:16:44

Health: -1/163     AC: 28    Str: 20    XL:     18   Next: 10%
Magic:  0/26       EV: 12    Int: 12    God:    Dithmenos [******]
Gold:   1169       SH:  0    Dex: 14    Spells: 25/28 levels left

rFire    . . .     SeeInvis .   b - +2 demon trident (elec)
rCold    . . .     Gourm    .   (no shield)
rNeg     + + .     Faith    .   u - +3 leather armour {MR+}
rPois    .         Spirit   +   K - +1 helmet
rElec    .         Reflect  .   D - scarf {repulsion}
rCorr    .         Harm     .   N - +2 pair of gloves {archery}
MR       +++..                  m - +4 centaur barding {Stlth+}
Stlth    ++++......             k - amulet "Puphobuk" {Spirit rN++ Dex+3}
HPRegen  0.37/turn              Y - ring of protection from magic
MPRegen  0.20/turn              n - +6 ring of protection {=R}

@: mesmerised, wreathed by umbra, repel missiles, very slow
A: large, hooves 3, deformed body, speed 2, tough skin 3
}: 2/15 runes: barnacled, gossamer
a: Shadow Step, Shadow Form, Renounce Religion


You were on level 4 of the Shoals.
You worshipped Dithmenos.
Dithmenos was exalted by your worship.
You were hungry.

You visited 6 branches of the dungeon, and saw 32 of its levels.
You also visited: Ossuary.

You collected 3608 gold pieces.
You spent 2439 gold pieces at shops.

Inventory:

Hand Weapons
 a - a +5 longbow of venom
   (You found it on level 9 of the Dungeon)
 b - a +2 demon trident of electrocution (weapon)
   (You found it on level 9 of the Dungeon)
Missiles
 d - 605 arrows
 I - 4 throwing nets (quivered)
Armour
 m - a +4 centaur barding of stealth (worn)
   (You acquired it on level 6 of the Lair of Beasts)
 u - a +3 leather armour of magic resistance (worn)
   (You bought it in a shop on level 8 of the Dungeon)
 D - a scarf of repulsion (worn)
   (You bought it in a shop on level 15 of the Dungeon)
 K - a +1 helmet (worn)
   (You took it off Robin on level 3 of the Dungeon)
 N - a +2 pair of gloves of archery (worn)
   (You bought it in a shop on level 1 of the Orcish Mines)
Jewellery
 h - a cursed -3 ring of strength {unknown}
   (You found it on level 4 of the Shoals)
 i - an uncursed ring of protection from fire
   (You found it on level 11 of the Dungeon)
 k - the amulet "Puphobuk" (around neck) {Spirit rN++ Dex+3}
   (You acquired it on level 6 of the Lair of Beasts)

   [amulet of guardian spirit]

   It causes incoming damage to be split between your health and magic.
   It affects your dexterity (+3).
   It greatly protects you from negative energy.
 n - a +6 ring of protection (right hand) {=R}
   (You found it on level 15 of the Dungeon)
 q - an uncursed ring of protection from cold
   (You took it off a goblin on level 2 of the Dungeon)
 F - an uncursed ring of resist corrosion
   (You found it on level 5 of the Dungeon)
 H - an uncursed ring of poison resistance
   (You found it on level 6 of the Dungeon)
 L - an uncursed ring of see invisible
   (You bought it in a shop on level 15 of the Dungeon)
 T - a ring of the Octopus King {AC+1 EV+1 Str+1 Int+1 Dex+1 Stlth+}
   (You bought it in a shop on level 15 of the Dungeon)

   [ring of stealth]

   It affects your AC (+1).
   It affects your evasion (+1).
   It affects your strength (+1).
   It affects your intelligence (+1).
   It affects your dexterity (+1).
   It makes you more stealthy.
 Y - a ring of protection from magic (left hand)
   (You found it on level 5 of the Lair of Beasts)
Wands
 l - a wand of digging (4)
   (You found it on level 9 of the Dungeon)
 E - a wand of iceblast (35)
   (You found it on level 7 of the Dungeon)
 R - a wand of clouds (3)
   (You found it on level 15 of the Dungeon)
Scrolls
 c - 4 scrolls of blinking
 g - 7 scrolls of fog
 r - 10 scrolls of remove curse {@r2}
 w - a scroll of brand weapon
 x - 9 scrolls of teleportation {@r4}
 z - 3 scrolls of identify {@r1}
 C - 2 scrolls of fear {unknown}
 P - a scroll of vulnerability {!r}
 Q - 2 scrolls of enchant armour
 S - 2 scrolls of holy word
 U - 4 scrolls of magic mapping
 V - 2 scrolls of silence {unknown}
Potions
 e - 4 potions of haste {@q3}
 j - 4 potions of cancellation
 o - 8 potions of stabbing
 p - 3 potions of resistance
 s - 9 potions of might
 t - 6 potions of mutation {!q}
 v - 12 potions of curing {@q1}
 A - 5 potions of ambrosia
 B - a potion of flight
 G - 2 potions of invisibility
 J - 2 potions of brilliance
 M - 3 potions of heal wounds {@q2}
 O - 2 potions of berserk rage
 W - 2 potions of magic
Miscellaneous
 y - a lamp of fire
   (You found it on level 12 of the Dungeon)
Comestibles
 f - 63 rations {!d}


   Skills:
 - Level 15.2 Fighting
 - Level 14.0 Polearms
 - Level 20.3 Bows
 - Level 6.0 Armour
 + Level 8.4 Dodging
 + Level 4.8 Stealth
 + Level 5.7 Spellcasting
 + Level 4.4 Hexes
 - Level 3.0 Translocations
 * Level 10.3 Invocations


You had 25 spell levels left.
You knew the following spells:

 Your Spells              Type           Power        Failure   Level  Hunger
a - Apportation           Tloc           ##....       6%          1    None
b - Summon Butterflies    Summ           #.......     22%         1    None
c - Corona                Hex            ##.....      3%          1    None

Your spell library contained the following spells:

 Spells                   Type           Power        Failure   Level  Hunger
 Confusing Touch          Hex            ##......     11%         3    ###....
 Tukima's Dance           Hex            ##......     11%         3    ###....
 Shroud of Golubria       Chrm/Tloc      #.....       17%         2    ##.....
 Gell's Gravitas          Tloc           ##........   19%         3    ###....
 Lesser Beckoning         Tloc           ##........   19%         3    ###....
 Animate Skeleton         Necr           N/A          22%         1    None
 Infusion                 Chrm           #...         22%         1    None
 Shock                    Conj/Air       #...         22%         1    None
 Summon Small Mammal      Summ           #...         22%         1    None
 Spectral Weapon          Hex/Chrm       #.......     26%         3    ###....
 Summon Guardian Golem    Hex/Summ       #.......     26%         3    ###....
 Call Imp                 Summ           #.......     32%         2    ##.....
 Poisonous Vapours        Pois/Air       #.....       32%         2    ##.....
 Song of Slaying          Chrm           #.......     32%         2    ##.....
 Swiftness                Chrm/Air       #.......     32%         2    ##.....
 Call Canine Familiar     Summ           #.......     54%         3    ###....
 Conjure Flame            Conj/Fire      #.......     54%         3    ###....
 Mephitic Cloud           Conj/Pois/Air  #.......     54%         3    ###....
 Ozocubu's Armour         Chrm/Ice       #.......     54%         3    ###....
 Static Discharge         Conj/Air       #.......     54%         3    ###....
 Airstrike                Air            #.........   91%         4    ####...
 Petrify                  Tmut/Erth      #.......     91%         4    ####...
 Summon Ice Beast         Ice/Summ       #.......     91%         4    ####...
 Summon Lightning Spire   Summ/Air       #.......     91%         4    ####...
 Metabolic Englaciation   Hex/Ice        #.........   94%         5    ######.
 Yara's Violent Unravell  Hex/Tmut       #.........   94%         5    ######.
 Alistair's Intoxication  Tmut/Pois      #.......     99%         5    ######.
 Bolt of Magma            Conj/Fire/Erth #.........   99%         5    ######.
 Iskenderun's Battlesphe  Conj/Chrm      #.......     99%         5    ######.
 Lightning Bolt           Conj/Air       #.........   99%         5    ######.
 Invisibility             Hex            ##......     99%         6    #######
 Freezing Cloud           Conj/Ice/Air   #.........   100%        6    #######
 Iron Shot                Conj/Erth      #.........   100%        6    #######
 Orb of Destruction       Conj           #.........   100%        7    #######
 Ring of Flames           Chrm/Fire      #.........   100%        7    #######
 Spellforged Servitor     Conj/Summ      #.........   100%        7    #######


Dungeon Overview and Level Annotations

Branches:
Dungeon (15/15)            Temple (1/1) D:5            Lair (6/6) D:11
 Shoals (4/4) Lair:4       Spider (4/4) Lair:3        Slime (0/5) Lair:6
    Orc (2/2) D:9             Elf (0/3) Orc:2        Vaults (0/5) D:13
 Depths (0/5) D:15        Ossuary (visited)

Altars:
Ashenzari
Cheibriados
Dithmenos
Elyvilon
Gozag
Hepliaklqana
Makhleb
Nemelex Xobeh
Okawaru
Qazlal
Ru
Sif Muna
Trog
Uskayaw
Vehumet
Wu Jian
Xom
Yredelemnul
Zin
The Shining One
Beogh

Shops:
D:7 *   D:8 [   D:9 !   D:12 }   D:15 }[=:(   Orc:1 *[}   Orc:2 (*}}
Shoals:2 *

Annotations:
Spider:4 1 runed translucent door, Vinagh's ghost, journeyman DsFi


Innate Abilities, Weirdness & Mutations

You have hooves in place of feet.
Armour fits poorly on your strangely shaped body.
You cover ground very quickly.
You have extremely tough skin. (AC +3)


Message History

The merfolk is too close now for your liking.
There is an open door, spattered with blood here.
As you close the door, it creaks loudly!
You start resting.
You start resting.
Splash!
You fall into the shallow water.
Moving in this stuff is going to be slow.
You start resting.
You enter the shallow water.
Moving in this stuff is going to be slow.
h - a glass ring You enter the shallow water.
Moving in this stuff is going to be slow.
You open the door.
There is an open door here.
You see here an alligator snapping turtle skeleton.
You are near starving!
You see here a manticore corpse.
You butcher the manticore corpse.
X - a chunk of flesh You see here a manticore skeleton.
Eating a chunk of flesh.
You eat the chunk of flesh.
You are feeling hungry.
Okay, then.
You see here an alligator snapping turtle skeleton.
You open the door. 2 sea snakes, a merfolk siren and a water nymph come into view.
The sea snake hisses angrily.
The water nymph shouts!
The merfolk siren closely misses you.
A water nymph comes into view.
The water nymph's watery aura covers the open door.
Found a glowing halberd.
There are monsters nearby!
Attack whom?
Aim: a water nymph (umbra)
You reach to attack!
The water nymph shouts!
You hit the water nymph.
The merfolk siren hits you from afar with a +0 spear.
Attack whom?
Aim: a water nymph (lightly wounded, umbra)
You reach to attack!
You puncture the water nymph!
Your shadow hits the water nymph but does no damage.
You closely miss the sea snake. Your kick misses the sea snake.
The sea snake bites you but does no damage.
The merfolk siren chants a haunting song.
You resist with almost no effort.
You miss the sea snake. Your kick misses the sea snake.
Your shadow hits the sea snake with a demon trident.
The merfolk siren chants a haunting song.
You resist with almost no effort.
You puncture the sea snake!
Lightning courses through the sea snake!
Your shadow hits the sea snake with a demon trident!
The sea snake bites you!
You are poisoned.
The sea snake poisons you!
The sea snake bites you but does no damage.
You feel sick. The sea snake misses you.
You feel sick.
You feel sick.
You feel sick.
You feel sick.
The water nymph flows with the water.
You feel sick.
The merfolk siren chants a haunting song.
You are mesmerised by the merfolk siren!
The water nymph flows with the water.
Attack whom?
Aim: a sea snake (umbra)
You reach to attack!
You closely miss the sea snake.
Your shadow hits the sea snake from afar with a demon trident.
You feel sick.
The merfolk siren chants its luring song.
You barely miss the sea snake. Your kick misses the sea snake.
You feel sick. The sea snake bites you!!
You hit the sea snake. You kick the sea snake!
You feel sick. The sea snake bites you.
You are more poisoned.
The sea snake poisons you!
Okay, then.
Okay, then.
Here: a merfolk siren, wielding a +0 spear (mesmerising, umbra)
The floor.
You feel better. The sea snake closely misses you.
The sea snake completely misses you. The water nymph touches you!
The water nymph drowns you!
The merfolk siren chants its luring song.
The water nymph touches you. The water nymph drowns you!
Unknown command.
You closely miss the sea snake. The sea snake misses you.
The sea snake bites you but does no damage.
You puncture the sea snake!
Lightning courses through the sea snake!
You kill the sea snake!
Dithmenos accepts your kill. The water nymph barely misses you.
The merfolk siren chants its luring song.
The water nymph touches you. The water nymph drowns you!
You enter the shallow water.
Moving in this stuff is going to be slow.
The sea snake bites you. The water nymph misses you.
The merfolk siren chants its luring song.
The water nymph closely misses you. The sea snake bites you!
* * * LOW HITPOINT WARNING * * *
The water nymph gestures at you while chanting.
The water swirls and strikes you.
The sea snake bites you but does no damage.
The merfolk siren hits you but does no damage.
The water nymph touches you. The water nymph drowns you!
* * * LOW HITPOINT WARNING * * *
The merfolk siren chants its luring song.
The sea snake completely misses you.
You hit the merfolk siren.
You kick the merfolk siren, but do no damage.
Your shadow hits the merfolk siren but does no damage.
The water nymph touches you.
* * * LOW HITPOINT WARNING * * *
The water nymph drowns you!
* * * LOW HITPOINT WARNING * * *
You puncture the merfolk siren! Your kick misses the merfolk siren.
The sea snake bites you!
* * * LOW HITPOINT WARNING * * *
The water nymph points at you and mumbles some strange words.
The water swirls and strikes you.
* * * LOW HITPOINT WARNING * * *
The merfolk siren chants its luring song.
The water nymph casts a spell at you. The water swirls and strikes you.
* * * LOW HITPOINT WARNING * * *
You closely miss the merfolk siren. The sea snake bites you.
* * * LOW HITPOINT WARNING * * *
You puncture the merfolk siren! Your kick misses the merfolk siren.
The water nymph points at you and mumbles some strange words.
The water swirls and strikes you!!
* * * LOW HITPOINT WARNING * * *
The merfolk siren barely misses you. The water nymph touches you.
The water nymph drowns you!
* * * LOW HITPOINT WARNING * * *
Okay, then.
Okay, then.
Okay, then.
You feel much better. The sea snake barely misses you.
The water nymph touches you. The water nymph drowns you!
* * * LOW HITPOINT WARNING * * *
The merfolk siren chants its luring song.
The water nymph gestures at you while chanting.
The water swirls and strikes you!!
You die...

#≈≈≈≈≈≈≈#####..≈≈≈≈≈≈≈≈≈≈≈≈≈≈≈ ≈
#≈≈≈≈≈≈##.. ##≈≈≈≈≈≈≈≈≈≈≈≈≈≈≈≈ ≈
#≈≈≈≈≈≈#.≈≈ #≈≈≈≈≈≈≈≈≈≈≈≈≈≈≈≈ ≈
#≈≈≈≈≈≈#≈≈) #≈≈≈≈≈≈≈≈≈≈≈≈≈≈≈≈ ≈
#≈≈≈≈≈≈#≈≈m #≈≈≈≈≈≈≈≈≈≈≈≈≈≈≈≈≈≈
#≈≈≈≈≈≈ #≈≈ ##≈.≈≈≈≈≈≈≈≈≈≈≈≈≈≈≈≈
#≈≈≈≈≈≈≈##'##..≈≈≈≈.....≈≈≈≈≈≈≈≈
#≈≈≈≈≈≈≈≈≈≈...m≈m≈≈......≈≈≈≈≈≈≈
≈≈≈≈≈≈.....@m≈.........≈≈≈≈≈
≈≈≈≈≈≈.....≈S≈..........≈≈≈≈
≈≈≈≈≈≈.....##'##÷.......≈..≈
≈≈≈≈≈≈≈...##≈≈≈##...........
≈≈≈≈≈≈≈≈..#≈≈≈..#..........≈
≈≈≈≈≈≈≈≈≈.#≈≈≈..#.....≈≈....
≈≈≈≈≈≈≈≈≈≈.#≈≈≈..#.....≈≈≈...
≈≈≈≈≈≈≈≈≈≈≈##≈≈.##.....≈≈≈≈≈.
≈≈≈≈≈≈≈≈≈≈≈≈#####.##.÷.≈≈≈≈≈.


You could see a sea snake, a merfolk siren and 2 water nymphs.

Vanquished Creatures
  Jorgrun (Orc:1)
  Rupert (D:13)
  A kraken (Shoals:3)
  4 ghost moths (Spider:4)
  Louise (D:15)
  7 emperor scorpions
  An entropy weaver (Spider:3)
  3 spark wasps
  Snorg (Lair:5)
  8 merfolk impalers
  Josephine (Shoals:1)
  2 merfolk javelineers (Shoals:4)
  A yaktaur captain (D:8)
  Erolcha (Orc:2)
  An ice dragon (Lair:6)
  7 hydras
  9 centaur warriors
  A catoblepas (D:8)
  2 ogre magi
  2 merfolk aquamancers (Shoals:4)
  9 two-headed ogres
  A tengu warrior (D:15)
  An alligator snapping turtle (Shoals:4)
  A merfolk avatar (Shoals:4)
  Urug (Orc:1)
  8 orc high priests (Orc:2)
  A skeletal warrior (D:12)
  Sonja (D:12)
  13 sea snakes
  2 unseen horrors
  2 lindwurms (Lair:6)
  An orange crystal statue (Lair:2)
  6 orc knights
  29 wolf spiders
  7 harpies
  17 orb spiders
  2 deep elf magi
  18 ugly things
  2 moths of wrath (Spider:4)
  4 orc sorcerers
  8 fauns
  5 black mambas
  7 cyclopes
  12 manticores
  A water nymph (Shoals:4)
  10 elephants
  7 merfolk sirens
  A naga mage (D:15)
  Psyche (D:12)
  8 torpor snails
  2 gargoyles
  11 spiny frogs
  A kobold demonologist (D:13)
  8 komodo dragons
  3 yaktaurs (D:13)
  4 tengu conjurers
  A harpy zombie (D:12)
  7 demonic crawlers
  3 meliai
  8 trolls
  2 wind drakes
  9 polar bears (Lair:6)
  3 tyrant leeches (Lair:6)
  17 merfolk
  32 jumping spiders
  17 hornets
  A raiju (Lair:6)
  2 slime creatures
  Prince Ribbit (D:6)
  8 blink frogs
  8 dream sheep
  9 hippogriffs
  5 snapping turtles
  25 tarantellas
  A spriggan (D:7)
  6 water elementals
  A redback (shapeshifter) (D:9)
  2 shadows
  70 redbacks
  5 wraiths
  35 yaks
  3 wyverns
  2 basilisks
  A basilisk (shapeshifter) (D:13)
  2 hungry ghosts
  A steam dragon (D:12)
  9 vampire mosquitoes
  Edmund (D:5)
  2 acid dragons (D:12)
  2 soldier ants
  17 wargs
  14 hell hounds (Lair:6)
  36 orc warriors
  12 water moccasins
  7 porcupines
  3 ice beasts
  2 phantoms
  5 sky beasts
  20 ogres
  A hornet zombie (D:15)
  12 black bears
  3 eyes of draining
  A necrophage (D:5)
  30 wolves
  17 centaurs
  9 crocodiles
  5 big kobolds
  A gnoll sergeant (D:9)
  19 bullfrogs
  4 wyvern skeletons
  7 scorpions
  9 jellies
  18 wights
  An electric eel (Lair:2)
  2 lava snakes (Lair:2)
  7 crimson imps
  4 centaur zombies
  3 bullfrog zombies
  2 quasits (D:9)
  6 centaur skeletons
  41 orc priests
  14 hounds
  25 orc wizards
  5 bullfrog skeletons
  Ijyb (D:4)
  Terence (D:2)
  3 iguanas
  12 worker ants
  A killer bee zombie (D:7)
  A big kobold zombie (Ossuary)
  9 mummies
  A hound zombie (D:6)
  A hound skeleton (D:3)
  A howler monkey zombie (D:7)
  Robin (D:3)
  9 gnolls
  A howler monkey skeleton (D:6)
  13 adders
  2 shadow imps
  An adder zombie (D:6)
  3 adder skeletons
  5 worms
  2 dart slugs
  3 leopard geckos
  123 orcs
  A ball python (D:2)
  7 bats
  2 giant cockroaches
  3 gnoll zombies (Ossuary)
  17 goblins
  13 hobgoblins
  A jackal (D:9)
  3 quokkas
  5 frilled lizards
  3 hobgoblin zombies (Ossuary)
  A jackal skeleton (D:5)
  18 kobolds
  A leopard gecko skeleton (D:9)
  An orc zombie (Ossuary)
  4 rats
  3 fungi
  5 plants
  A tentacle (Shoals:3)
1216 creatures vanquished.

Vanquished Creatures (collateral kills)
  A blink frog (Lair:6)
1 creature vanquished.

Vanquished Creatures (others)
  5 bushes (Lair:6)
  6 fungi
  29 plants
  16 tentacles (Shoals:3)
56 creatures vanquished.

Grand Total: 1273 creatures vanquished

Notes
Turn   | Place    | Note
-------+----------+-------------------------------------------
     0 | D:1      | CryoSword the Centaur Hunter began the quest for the Orb.
     0 | D:1      | Reached XP level 1. HP: 17/17 MP: 1/1
   238 | D:1      | Reached XP level 2. HP: 24/24 MP: 2/2
   396 | D:1      | Reached skill level 6 in Bows
   846 | D:2      | Noticed Terence
   982 | D:2      | Killed Terence
   982 | D:2      | Reached XP level 3. HP: 16/30 MP: 3/3
  1654 | D:2      | Reached XP level 4. HP: 30/37 MP: 4/4
  2240 | D:3      | Reached skill level 7 in Bows
  2609 | D:3      | Noticed Robin
  2880 | D:3      | Reached skill level 1 in Polearms
  2880 | D:3      | Reached XP level 5. HP: 45/45 MP: 5/5
  3459 | D:4      | Reached skill level 8 in Bows
  3481 | D:4      | Found an iron altar of Okawaru.
  3489 | D:4      | Noticed Ijyb
  3498 | D:4      | Killed Ijyb
  3498 | D:4      | Reached XP level 6. HP: 50/52 MP: 6/6
  3970 | D:4      | Reached skill level 9 in Bows
  4149 | D:4      | Reached XP level 7. HP: 58/59 MP: 7/7
  4380 | D:5      | Entered Level 5 of the Dungeon
  4459 | D:5      | Found a white marble altar of Elyvilon.
  4709 | D:5      | Reached skill level 10 in Bows
  4836 | D:5      | Found a sand-covered staircase.
  4850 | D:5      | Reached skill level 5 in Fighting
  4898 | Ossuary  | Entered an ossuary
  5119 | Ossuary  | Reached XP level 8. HP: 63/68 MP: 8/8
  5408 | D:5      | Found a staircase to the Ecumenical Temple.
  5415 | Temple   | Entered the Ecumenical Temple
  5712 | D:5      | Noticed Edmund
  5754 | D:5      | Killed Edmund
  6088 | D:6      | Found a shattered altar of Ashenzari.
  6254 | D:6      | Noticed Prince Ribbit
  6318 | D:6      | Killed Prince Ribbit
  6318 | D:6      | Reached skill level 11 in Bows
  7680 | D:7      | Found Aragany's Alliterative Accessories.
  7687 | D:7      | Reached skill level 12 in Bows
  7687 | D:7      | Reached XP level 9. HP: 73/75 MP: 9/9
  8189 | D:7      | Reached skill level 5 in Polearms
  8287 | D:7      | Found an ornate altar of the Wu Jian Council.
  8568 | D:7      | Reached skill level 13 in Bows
  9585 | D:3      | Killed Robin
 10230 | D:8      | Found a transporter.
 10230 | D:8      | Noticed a catoblepas
 10232 | D:8      | Noticed a yaktaur captain
 10234 | D:8      | Found a transporter.
 10526 | D:8      | Reached XP level 10. HP: 79/86 MP: 10/10
 10571 | D:8      | Found a sparkling altar of Nemelex Xobeh.
 10727 | D:8      | Found Zehitei's Antique Armour Boutique.
 10730 | D:8      | Bought a glowing ring mail for 168 gold pieces
 10730 | D:8      | Bought a dyed leather armour for 120 gold pieces
 10730 | D:8      | Bought an embroidered scarf for 192 gold pieces
 10984 | D:9      | Found Fites's Distillery.
 10990 | D:9      | Bought a potion of heal wounds for 75 gold pieces
 11025 | D:9      | Found a staircase to the Orcish Mines.
 11026 | D:9      | Noticed a two-headed ogre
 11060 | D:9      | Killed a two-headed ogre
 11060 | D:9      | Reached skill level 14 in Bows
 11990 | D:9      | Noticed an orb spider
 12016 | D:9      | an orb spider changed into a hornet
 12488 | D:9      | Noticed a cyclops
 12494 | D:9      | Killed a cyclops
 12494 | D:9      | Reached skill level 15 in Bows
 12497 | D:9      | Noticed a centaur warrior
 13114 | D:9      | Noticed an eight-headed hydra
 13445 | D:9      | Killed an eight-headed hydra
 13891 | D:9      | Reached XP level 11. HP: 76/95 MP: 7/11
 14216 | D:9      | Found Fites's Distillery.
 14264 | D:9      | Found a staircase to the Orcish Mines.
 14397 | D:9      | Killed a centaur warrior
 14397 | D:9      | Reached skill level 16 in Bows
 14713 | D:10     | Entered Level 10 of the Dungeon
 16429 | D:10     | Killed an unseen horror
 16429 | D:10     | Reached skill level 17 in Bows
 16706 | D:11     | Noticed a brown ugly thing
 16706 | D:11     | Noticed a two-headed ogre
 16927 | D:11     | Noticed a centaur warrior
 17742 | D:10     | Killed a brown ugly thing
 17742 | D:10     | Reached skill level 10 in Fighting
 17806 | D:10     | Killed a two-headed ogre
 17917 | D:10     | Killed a centaur warrior
 18467 | D:11     | Reached skill level 18 in Bows
 18862 | D:11     | Noticed a two-headed ogre
 18907 | D:11     | Killed a two-headed ogre
 18907 | D:11     | Reached XP level 12. HP: 108/108 MP: 12/12
 19212 | D:11     | Found a staircase to the Lair.
 19513 | Lair:1   | Entered Level 1 of the Lair of Beasts
 20363 | Lair:1   | You fall into a shaft and drop 1 floor!
 20374 | Lair:2   | Reached skill level 19 in Bows
 23822 | Lair:3   | Noticed an eight-headed hydra
 23830 | Lair:3   | Killed an eight-headed hydra
 23830 | Lair:3   | Reached skill level 20 in Bows
 23844 | Lair:3   | Noticed a seven-headed hydra
 23860 | Lair:3   | Killed a seven-headed hydra
 24005 | Lair:3   | Found a hole to the Spider Nest.
 24010 | Lair:3   | Reached XP level 13. HP: 119/119 MP: 13/13
 26448 | Lair:4   | Reached skill level 1 in Armour
 26558 | Lair:4   | Found a staircase to the Shoals.
 27512 | Lair:5   | You fall into a shaft and drop 1 floor!
 27512 | Lair:6   | Entered Level 6 of the Lair of Beasts
 28829 | Lair:6   | Noticed Snorg
 28888 | Lair:6   | Found a staircase to the Slime Pits.
 29420 | Lair:5   | Killed Snorg
 29683 | Lair:6   | Reached XP level 14. HP: 133/133 MP: 14/14
 29959 | Lair:6   | Identified 2 scrolls of acquirement
 29959 | Lair:6   | Identified the ring "Qusmulis" {*Slow rN+ MR++ Int+5} (You
                  | acquired it on level 6 of the Lair of Beasts)
 29966 | Lair:6   | Identified the +4 shortbow "Enimuik" {freeze, +Blink Dex+4}
                  | (You acquired it on level 6 of the Lair of Beasts)
 29966 | Lair:6   | Identified the amulet "Puphobuk" {Spirit rN++ Dex+3} (You
                  | acquired it on level 6 of the Lair of Beasts)
 30336 | Lair:6   | Learned a level 1 spell: Apportation
 30377 | Lair:6   | Found a runed translucent door.
 30559 | Lair:6   | Paralysed by a hornet for 1 turns
 31635 | Lair:6   | Reached skill level 5 in Dodging
 32261 | Lair:6   | Reached skill level 15 in Fighting
 32261 | Lair:6   | Reached skill level 5 in Armour
 32475 | D:9      | Bought a potion of curing for 45 gold pieces
 32475 | D:9      | Bought a potion of curing for 45 gold pieces
 32475 | D:9      | Bought a potion of resistance for 150 gold pieces
 32475 | D:9      | Bought a potion of curing for 45 gold pieces
 32475 | D:9      | Bought a potion of flight for 45 gold pieces
 32475 | D:9      | Bought a potion of might for 60 gold pieces
 33123 | D:12     | Reached skill level 1 in Translocations
 33184 | D:12     | Found Yloyloab's Gadget Shop.
 33201 | D:12     | Noticed Psyche
 33204 | D:12     | Killed Psyche
 33505 | D:12     | Noticed Sonja
 33508 | D:12     | Killed Sonja
 34209 | D:12     | Found Yloyloab's Gadget Shop.
 34979 | D:12     | Got a scorched scale mail
 34981 | D:12     | Identified the +1 scale mail of the Distant Future {Str+4}
                  | (You found it on level 12 of the Dungeon)
 35119 | D:12     | Found an iron altar of Okawaru.
 35146 | D:12     | Got a pair of transparent gloves
 35176 | D:12     | Identified the +0 pair of gloves of Amelioration {-Cast
                  | Int+5 Dex+6} (You found it on level 12 of the Dungeon)
 35239 | D:13     | Noticed Rupert
 35256 | D:13     | Killed Rupert
 35724 | D:13     | Reached XP level 15. HP: 141/141 MP: 15/15
 36724 | D:13     | Found a gate to the Vaults.
 37542 | D:13     | Reached skill level 10 in Polearms
 38629 | D:14     | Found a roughly hewn altar of Beogh.
 38694 | D:14     | Learned a level 1 spell: Summon Butterflies
 38696 | D:14     | Learned a level 1 spell: Corona
 38697 | D:15     | Entered Level 15 of the Dungeon
 38700 | D:15     | Found Vasijuyz's Weapon Boutique.
 38715 | D:15     | Noticed Louise
 39042 | D:15     | Killed Louise
 39142 | D:15     | Found Gouha's Jewellery Shop.
 39297 | D:15     | Found Utoaph's Book Shop.
 39309 | D:15     | Bought a ring of the Octopus King {AC+1 EV+1 Str+1 Int+1
                  | Dex+1 Stlth+} for 627 gold pieces
 39309 | D:15     | Found the ring of the Octopus King {AC+1 EV+1 Str+1 Int+1
                  | Dex+1 Stlth+}
 39324 | D:15     | Found Veich's Gadget Boutique.
 39603 | D:15     | Found Golunea's Armour Shop.
 39609 | D:15     | Bought a scarf of repulsion for 228 gold pieces
 39754 | D:15     | Paralysed by an orc sorcerer for 5 turns
 40011 | D:15     | Found a staircase to the Depths.
 40356 | Temple   | Became a worshipper of Dithmenos the Shadowed
 40438 | Orc:1    | Entered Level 1 of the Orcish Mines
 40438 | Orc:1    | Found Qiarreh's Armour Boutique.
 40471 | Orc:1    | Noticed Urug
 40486 | Orc:1    | Killed Urug
 40542 | Orc:1    | Bought a +0 pair of gloves of archery for 161 gold pieces
 40555 | Orc:1    | Found a roughly hewn altar of Beogh.
 40625 | Orc:1    | Found Yfack's General Store.
 40749 | Orc:1    | Noticed Jorgrun
 40784 | Orc:1    | Killed Jorgrun
 41140 | Orc:1    | Reached * piety under Dithmenos
 41385 | Orc:1    | Found Foyshrix's Gadget Boutique.
 41506 | Orc:2    | Entered Level 2 of the Orcish Mines
 41518 | Orc:2    | Reached ** piety under Dithmenos
 41555 | Orc:2    | Noticed Erolcha
 41559 | Orc:2    | Killed Erolcha
 41580 | Orc:2    | Reached skill level 1 in Invocations
 41580 | Orc:2    | Reached XP level 16. HP: 149/149 MP: 16/16
 41656 | Orc:2    | Reached skill level 1 in Hexes
 41677 | Orc:2    | Reached skill level 1 in Stealth
 41761 | Orc:2    | Found a roughly hewn altar of Beogh.
 42042 | Orc:2    | Found a staircase to the Elven Halls.
 42158 | Orc:2    | Reached *** piety under Dithmenos
 42181 | Orc:2    | Found Banegryp's Gadget Emporium.
 42215 | Orc:2    | Found Keel's Gadget Shop.
 42462 | Orc:2    | Found Eschis's Assorted Antiques.
 42604 | Orc:2    | Bought a murky grey potion for 28 gold pieces
 42608 | Orc:2    | Found Reohiol's Antique Weapon Emporium.
 42939 | Orc:1    | Bought a scroll of holy word for 105 gold pieces
 42939 | Orc:1    | Bought a scroll of enchant armour for 105 gold pieces
 43076 | Spider:1 | Entered Level 1 of the Spider Nest
 43876 | Spider:1 | Reached skill level 1 in Spellcasting
 44210 | Spider:1 | Reached **** piety under Dithmenos
 46752 | Spider:2 | Paralysed by a hornet for 2 turns
 47239 | Spider:2 | Reached ***** piety under Dithmenos
 49717 | Spider:4 | Entered Level 4 of the Spider Nest
 50106 | Spider:4 | Found a runed translucent door.
 50106 | Spider:4 | Found a shimmering altar of Xom.
 50106 | Spider:4 | Noticed Vinagh's ghost (journeyman DsFi)
 51004 | Spider:4 | Reached XP level 17. HP: 156/156 MP: 22/22
 51629 | D:15     | Bought an uncursed ring of see invisible for 240 gold
                  | pieces
 51931 | Spider:4 | Reached skill level 5 in Invocations
 53250 | Spider:4 | Reached skill level 5 in Spellcasting
 53408 | Spider:4 | Got a gossamer rune of Zot
 53643 | Shoals:1 | Entered Level 1 of the Shoals
 53684 | Shoals:1 | Noticed Josephine
 53696 | Shoals:1 | Killed Josephine
 54183 | Shoals:1 | Reached ****** piety under Dithmenos
 54743 | Shoals:2 | Found Otew's General Store.
 57217 | Shoals:3 | Noticed a kraken
 57295 | Shoals:3 | Killed a kraken
 58306 | Shoals:4 | Entered Level 4 of the Shoals
 59840 | Shoals:4 | Got a barnacled rune of Zot
 60070 | Shoals:4 | Reached skill level 10 in Invocations
 60421 | Shoals:4 | Reached XP level 18. HP: 159/163 MP: 19/26
 61337 | Shoals:4 | Killed from afar by a water nymph

Levels and vault maps discovered:
D:1:      minmay_arrival_semitransparent, layout_basic, minmay_tiny_reverse_x
D:2:      layout_basic, uniq_terence
D:3:      layout_rooms, hangedman_feature_mirror, uniq_robin
D:4:      layout_rooms, kennysheep_mini_moat, kennysheep_small_circle, uniq_ijyb
D:5:      layout_basic, elyvilon_altar_1, minmay_temple_entry_statues_pillars,
          first_ration, gup_ossuary_entry_pyramid, uniq_edmund
D:6:      layout_gridville, nicolae_ashenzari_panopticon, uniq_prince_ribbit1
D:7:      layout_loops_cross, nicolae_overflow_hidden_temple,
          nicolae_alphabet_shops, the_bakery
D:8:      layout_cave_pools, gammafunk_temple_overflow_arena, serial_shops,
          kennysheep_mini
D:9:      minmay_the_grid_triangle_9x9_rhombus_thin
          [minmay_the_grid_triangle_9x9_descending_squares,
          minmay_the_grid_triangle_9x9_prize_center,
          minmay_the_grid_triangle_9x9_zippers_vertical,
          minmay_the_grid_triangle_9x9_negative_grid], layout_layer_cave,
          orc_0_dummy, serial_shops, shop, kennysheep_diamond,
          minmay_misc_feat_enclosed, minmay_shattered_shrine
D:10:     layout_cave_pods, eino_tiny_chamber
D:11:     layout_loops_ring, lair_entry_dummy
D:12:     evilmike_iron_armoury, layout_long_grid, serial_shops,
          nicolae_shop_crystal, uniq_psyche, uniq_sonja
D:13:     layout_basic, hangedman_vaults_entry_quadrant_bands, uniq_rupert
D:14:     layout_cave_pools, special_room [special_room_orc],
          hangedman_abyss_or_decor_stabs
D:15:     grunt_enter_depths_magical_seal, layout_cave_pools,
          serial_column_ruins, column_ruins_hut_water, column_ruins_hut,
          column_ruins_corridor_straight, column_ruins_grid_1,
          column_ruins_columns_straight, minivault_23, serial_shops, shop,
          nicolae_shop_behind_doors, shop, shop,
          nicolae_shop_temple_entry_statues_fountains, uniq_louise
Temple:   compressed_dpeg_circular_temple
Lair:1:   layout_chaotic_city, beast_lair_carwin_11
Lair:2:   layout_loops_ring, disabler_island, infiniplex_staircase_pool,
          serial_bayou_shore_a
Lair:3:   beast_lair_carwin_large_1, layout_hall_layers,
          spider_nest_entry_rubble, grunt_megastairs_2, lemuel_fruit_fields
Lair:4:   layout_long_grid, elwin_shoals_entry_stream
Lair:5:   layout_long_grid, beast_lair_carwin_7
Lair:6:   wormcave, layout_hall_layers, hangedman_lair_caniforms_friends,
          minmay_slime_entry_pillars, uniq_snorg
Shoals:1: layout_shoals, uniq_josephine
Shoals:2: layout_shoals, serial_shops, shop, nicolae_shoals_cliffside_cave
Shoals:3: layout_shoals
Shoals:4: shoals_end_simple, layout_shoals
Spider:1: layout_spider_delve
Spider:2: layout_spider_delve, nicolae_spider_stair_cavern
Spider:3: layout_spider_delve, guppyfry_spider_mini_3
Spider:4: grunt_spider_rune_parallel, ebering_ghost_xom
Orc:1:    layout_caves, serial_shops, nicolae_shop_behind_doors,
          nicolae_shop_temple_entry_statues_fountains, shop_fountains,
          basic_altar, nicolae_orc_lava_tube, uniq_urug, uniq_jorgrun
Orc:2:    st_orc_town, layout_caves, uniq_erolcha

Skill      XL: |  1  2  3  4  5  6  7  8  9 10 11 12 13 14 15 16 17 |
---------------+----------------------------------------------------+-----
Bows           | 6 7 8 9 10 12 13 15 18 20 | 20.3
Fighting       | 3 4 5 6 7 8 10 12 14 15 | 15.2
Polearms       | 1 2 3 4 6 7 8 11 13 14 | 14.0
Armour         | 3 5 6 |  6.0
Dodging        | 4 6 8 |  8.4
Translocations | 2 3 |  3.0
Invocations    | 1 4 10 | 10.3
Hexes          | 1 4 |  4.4
Stealth        | 3 4 |  4.8
Spellcasting   | 3 5 |  5.7

Action                   |  1- 3 |  4- 6 |  7- 9 | 10-12 | 13-15 | 16-18 || total
-------------------------+-------+-------+-------+-------+-------+-------++-------
Melee: Short sword       |    86 |    11 |       |       |       |       ||    97
       Kick              |    18 |    34 |    59 |    59 |   124 |   253 ||   547
       Spear             |       |   134 |    58 |       |       |       ||   192
       Trident           |       |       |   159 |   197 |   133 |       ||   489
       Longbow           |       |       |       |     1 |       |       ||     1
       Demon trident     |       |       |       |       |   275 |  1067 ||  1342
 Fire: Shortbow          |    43 |    72 |   334 |    23 |       |       ||   472
       Longbow           |       |       |       |   726 |  1498 |   530 ||  2754
Throw: Dart              |       |       |       |    30 |     2 |       ||    32
       Throwing net      |       |       |       |       |     2 |     1 ||     3
 Abil: Evoke Berserk Rag |       |     3 |     8 |       |       |       ||    11
Evoke: Wand              |       |       |     2 |    10 |     8 |       ||    20
  Use: Scroll            |     2 |     2 |    10 |     2 |    27 |     9 ||    52
       Potion            |       |       |       |     3 |     2 |     4 ||     9
 Stab: Paralysed         |       |       |     9 |     4 |       |       ||    13
       Sleeping          |       |       |       |       |     2 |    25 ||    27
       Distracted        |       |       |       |       |     2 |     5 ||     7
  Eat: Chunk             |     1 |     9 |    18 |    32 |    37 |    37 ||   134
       Ration            |       |       |     2 |     1 |     2 |     5 ||    10
Armor: Leather armour    |    10 |       |       |   204 |    88 |   627 ||   929
       Scale mail        |    30 |    73 |    88 |     1 |       |       ||   192
       Troll leather arm |       |       |       |       |   311 |       ||   311
       Skin              |       |       |       |       |       |     1 ||     1
Dodge: Dodged            |    46 |    43 |    87 |   213 |   364 |   609 ||  1362
       Deflected         |       |       |       |       |     4 |    30 ||    34

Table legend:
 A = Non-vault XP
 B = Vault XP
 C = Vault XP percentage of total XP
 D = Non-vault monster count
 E = Vault monster count
 F = Vault count percentage of total count
                 A         B        C        D         E       F
            +---------+---------+-------+---------+---------+-------
      Total |  182019 |  117341 |  39.2 |     808 |     400 |  33.1
            +---------+---------+-------+---------+---------+-------
        D:1 |      22 |       3 |  12.0 |      11 |       2 |  15.4
        D:2 |      44 |      36 |  45.0 |      22 |       1 |   4.3
        D:3 |     202 |      39 |  16.2 |      26 |      15 |  36.6
        D:4 |     467 |      76 |  14.0 |      19 |       2 |   9.5
        D:5 |     639 |     178 |  21.8 |      17 |       2 |  10.5
        D:6 |     600 |     255 |  29.8 |      22 |       1 |   4.3
        D:7 |    1845 |     220 |  10.7 |      34 |       1 |   2.9
        D:8 |     788 |    2124 |  72.9 |      15 |       5 |  25.0
        D:9 |    2701 |    4437 |  62.2 |      33 |      22 |  40.0
       D:10 |    7092 |       0 |   0.0 |      40 |       0 |   0.0
       D:11 |    5104 |       0 |   0.0 |      41 |       0 |   0.0
       D:12 |    5589 |    6992 |  55.6 |      28 |      19 |  40.4
       D:13 |   11737 |    7785 |  39.9 |      51 |      22 |  30.1
       D:14 |   10882 |    1504 |  12.1 |      36 |      21 |  36.8
       D:15 |    3772 |    8242 |  68.6 |      11 |      10 |  47.6
     Lair:1 |    4708 |     292 |   5.8 |      20 |       3 |  13.0
     Lair:2 |    3455 |     741 |  17.7 |      17 |       3 |  15.0
     Lair:3 |    5798 |    2640 |  31.3 |      20 |      11 |  35.5
     Lair:4 |    9733 |    1381 |  12.4 |      27 |       4 |  12.9
     Lair:5 |    3777 |    2615 |  40.9 |      16 |       8 |  33.3
     Lair:6 |    5737 |   16900 |  74.7 |      21 |      77 |  78.6
   Shoals:1 |    6407 |    1614 |  20.1 |      16 |       4 |  20.0
   Shoals:2 |   12405 |       0 |   0.0 |      24 |       0 |   0.0
   Shoals:3 |    8004 |     986 |  11.0 |      12 |       1 |   7.7
   Shoals:4 |    4508 |   17989 |  80.0 |      10 |      28 |  73.7
   Spider:1 |   14221 |       0 |   0.0 |      47 |       0 |   0.0
   Spider:2 |   13881 |       0 |   0.0 |      32 |       0 |   0.0
   Spider:3 |   13512 |    1766 |  11.6 |      32 |       7 |  17.9
   Spider:4 |   14904 |   24819 |  62.5 |      31 |      54 |  63.5
      Orc:1 |    5907 |    3793 |  39.1 |      48 |       2 |   4.0
      Orc:2 |    3578 |    9733 |  73.1 |      29 |      59 |  67.0
    Ossuary |       0 |     181 | 100.0 |       0 |      16 | 100.0
            +---------+---------+-------+---------+---------+-------
